cohdb
Replays
Latest Replays
All Replays
Popular Replays
Top Player Replays
Match Explorer
How It Works
Community
CoH3 Stats
Reddit
Sign in to upload your games and track your stats! →
Sign in with Steam
Match 42420524
Unlisted
Match 42420524
Overview
Messages
Build Orders
End
Panzergrenadier Squad
Selects Panzerjäger Kommand Battlegroup
Panzerpioneer Squad
Panzergrenadier Squad
Construct Light Support Kompanie
Selects Mine Fields
MG34 Team
Selects Tank Busters
Fire Support Elements
Panzerjäger Mechanized Group
Flakvierling Half-track
Selects Defensive Positions
2.5-tonne Medical Truck
Pak 38 Anti-tank Gun Team
Flakvierling Half-track
Selects Crew Shock Tactics
Assault Mechanized Group
Vehicle Survival Package
Construct Panzerarmee Kommand
Selects Anti-tank Overwatch
Schnibbi
Agua de Jamaica
0
0
Comments
sign in to comment!
No comments posted yet!